 Dungeon Crawl Stone Soup version 0.24.0-13-gcf9b319 (webtiles) character file.

Game seed: 17977196795088306885, levelgen mode: deterministic

179 BoppinsLewinski the Covered (level 5, -13/43 HPs)
             Began as a Barachi Fighter on Nov 11, 2019.
             Mangled by an ogre
             ... wielding a +0 giant club
              (28 damage)
             ... on level 4 of the Dungeon.
             The game lasted 00:03:53 (1762 turns).

BoppinsLewinski the Covered (Barachi Fighter)       Turns: 1762, Time: 00:03:54

Health: -13/43     AC: 12    Str: 22    XL:     5   Next: 59%
Magic:  5/5        EV:  9    Int:  9    God:
Gold:   77         SH:  0    Dex: 12    Spells: 4/4 levels left

rFire    . . .     SeeInvis .   a - +0 long sword
rCold    . . .     Gourm    .   (no shield)
rNeg     . . .     Faith    .   r - +0 chain mail
rPois    .         Spirit   .   (no helmet)
rElec    .         Reflect  .   e - +0 cloak
rCorr    .         Harm     .   (no gloves)
MR       .....                  j - +0 pair of boots
Stlth    ..........             (no amulet)
HPRegen  0.14/turn              (no ring)
MPRegen  0.09/turn              (no ring)

@: mighty, slow
A: +LOS, swims, slowness 1, strong legs 1
a: Hop


You were on level 4 of the Dungeon.
You were not hungry.

You visited 1 branch of the dungeon, and saw 4 of its levels.

You collected 77 gold pieces.

Inventory:

Hand Weapons
 a - a +0 long sword (weapon)
Missiles
 n - 2 boomerangs (quivered)
 p - 8 poisoned darts
Armour
 e - a +0 cloak (worn)
 j - a +0 pair of boots (worn)
 q - a +0 plate armour
 r - a +0 chain mail (worn)
Jewellery
 m - an uncursed ring of protection from cold
Scrolls
 c - 6 scrolls of identify {unknown}
 i - 2 scrolls of teleportation {unknown}
 k - a scroll of remove curse {unknown}
 l - a scroll of enchant armour {unknown}
Potions
 g - 4 potions of curing {unknown}
 h - 2 potions of degeneration {unknown}
 o - a potion of heal wounds {unknown}
Comestibles
 f - 3 rations


   Skills:
 + Level 4.5 Fighting
 * Level 4.5 Long Blades
 + Level 0.8 Throwing
 + Level 4.5 Armour
 + Level 2.1 Dodging
   Level 3.2 Shields


You had 4 spell levels left.
You didn't know any spells.
Your spell library was empty.

Dungeon Overview and Level Annotations

Branches:
Dungeon (4/15)
 Temple: D:4-7

Altars:


Innate Abilities, Weirdness & Mutations

Shadows flee at your approach. (+LOS)
You can swim through water.
You cover ground slowly.
You can hop short distances.


Message History

You hit the iguana.
The iguana is lightly wounded.
The iguana barely misses you.
Your chain mail prevents you from hitting the iguana.
The iguana is lightly wounded.
The ogre hits you but does no damage. The iguana barely misses you.
You completely miss the iguana.
The iguana is lightly wounded.
The ogre hits you with a +0 giant club! The iguana bites you!
You feel very mighty all of a sudden. The iguana closely misses you.
You riposte.
You slash the iguana!
The iguana is almost dead.
You slash the iguana!
You kill the iguana!
Unknown command.
You slice the ogre!!
The ogre is severely wounded.
The ogre hits you with a +0 giant club!!
Ouch! That really hurt!
You die...

#.........##.##..
#............#..
#.............#
#.........#.##..
#.........#.# #
#......[....# ###.#
#........).## ####.....
##.........# ##$...#
##........#
#.@#######.#
###......###.#O.......#
#..........#.......##
#.......####.$.......
#......## #......###
#......# #.<....#
#......# #......#
#......# #......#
######## #......#


You could see an ogre.

Vanquished Creatures
  An iguana (D:4)
  Jessica (D:2)
  Terence (D:2)
  A worker ant (D:4)
  3 adders
  2 oozes
  2 worms (D:2)
  3 leopard geckos
  An orc (D:3)
  2 ball pythons
  A giant cockroach (D:4)
  5 goblins
  2 hobgoblins (D:2)
  3 kobolds
  A quokka (D:2)
  6 bats
  2 frilled lizards (D:1)
  2 rats
39 creatures vanquished.

Notes
Turn   | Place    | Note
-------+----------+-------------------------------------------
     0 | D:1      | BoppinsLewinski the Barachi Fighter began the quest for the
                  | Orb.
     0 | D:1      | Reached XP level 1. HP: 18/18 MP: 1/1
   161 | D:1      | Reached XP level 2. HP: 24/25 MP: 2/2
   563 | D:2      | Reached skill level 1 in Dodging
   619 | D:2      | Reached XP level 3. HP: 18/30 MP: 3/3
  1043 | D:2      | Noticed Terence
  1053 | D:2      | Killed Terence
  1053 | D:2      | Reached XP level 4. HP: 33/37 MP: 4/4
  1229 | D:2      | Noticed Jessica
  1236 | D:2      | Killed Jessica
  1393 | D:3      | Reached XP level 5. HP: 43/43 MP: 5/5
  1403 | D:3      | You fall into a shaft and drop 1 floor!
  1754 | D:4      | Noticed an ogre
  1762 | D:4      | Mangled by an ogre

Levels and vault maps discovered:
D:1:      dpeg_arrival_shelter, layout_loops_ring, serial_bayou_lagoon_b
D:2:      layout_rooms, first_ration, hangedman_decor_points, uniq_jessica,
          uniq_terence
D:3:      wander_river, layout_basic, st_stairs_3, led_sif_pool, uniq_natasha
D:4:      layout_rooms, lemuel_coloured_pillars_altar, cheibrodos_gnoll_hut,
          uniq_sigmund

Skill      XL: |  1  2  3  4  5 |
---------------+----------------+-----
Long Blades    | 3 4 |  4.5
Dodging        | 1 2 |  2.1
Fighting       | 4 |  4.5
Armour         | 4 |  4.5
Throwing       | |  0.8
Shields        | |  3.2

Action                   |  1- 3 |  4- 6 || total
-------------------------+-------+-------++-------
Melee: Long sword        |    47 |    62 ||   109
  Use: Potion            |       |     1 ||     1
  Eat: Chunk             |       |     1 ||     1
       Ration            |       |     1 ||     1
Armor: Scale mail        |    27 |    26 ||    53
       Chain mail        |       |     1 ||     1
Dodge: Dodged            |    30 |    43 ||    73
       Rpst.: Long sword |    12 |    16 ||    28
